 Dungeon Crawl Stone Soup version 0.30.1-4-g462c640d31 (webtiles) character file.

Game seed: 18403812570599336133

9 spardeous the Conjurer (level 1, 14/14 HPs)
             Began as a Demigod Conjurer on Aug 11, 2023.
             Got out of the dungeon alive.
             The game lasted 00:00:55 (1030 turns).

spardeous the Conjurer (Demigod Conjurer)           Turns: 1030, Time: 00:00:55

Health: 14/14      AC:  2    Str:  8    XL:     1   Next: 86%
Magic:  5/5        EV: 12    Int: 20    God:
Gold:   22         SH:  0    Dex: 12    Spells: 3/4 levels left

rFire   . . .        d - +0 dagger
rCold   . . .        (no shield)
rNeg    . . .        a - +0 robe
rPois   .            (no helmet)
rElec   .            (no cloak)
rCorr   .            (no gloves)
SInv    .            (no boots)
Will    .....        (no amulet)
Stlth   ++           (no ring)
HPRegen 0.22/turn    (no ring)
MPRegen 0.09/turn

%: no passive effects
@: no status effects
A: high MP 1, forlorn, divine attributes
a: no special abilities


You escaped.
You visited 1 branch of the dungeon, and saw 1 of its levels.

You collected 22 gold pieces.

Inventory:

Hand Weapons
 d - a +0 dagger (weapon)
Missiles
 h - a throwing net
Armour
 a - a +0 robe (worn)
Scrolls
 f - a scroll of identify
 g - a scroll of teleportation
Potions
 b - a potion of magic
 c - a potion of lignification
 i - a potion of cancellation
 k - a potion of flight


   Skills:
 - Level 1.7 Dodging
 - Level 1.7 Stealth
 + Level 2.1 Spellcasting
 + Level 3.8 Conjurations


You had 3 spell levels left.
You knew the following spells:

 Your Spells              Type           Power      Damage    Failure   Level
a - Magic Dart            Conj           68%        1d6       3%          1

Your spell library contained the following spells:

 Spells                   Type           Power      Damage    Failure   Level
 Searing Ray              Conj           34%        2d5       4%          2
 Dazzling Flash           Conj/Hex       18%        N/A       22%         3
 Fulminant Prism          Conj/Hex       4%         3d5       56%         4
 Iskenderun's Mystic Bla  Conj/Tloc      9%         2d4       56%         4


Dungeon Overview and Level Annotations

Branches:
Dungeon (1/15)


Innate Abilities, Weirdness & Mutations

You have an increased reservoir of magic. (+10% MP)
You shall have no god before yourself.
Your divine heritage dramatically boosts your attributes as you level up.


Message History

Done exploring.
Casting: Magic Dart (safe; 3% risk of failure)
Confirm with . or Enter, or press ? or * to list all spells.
You can't see any susceptible monsters within range! (Use Z to cast anyway.)
There is an open door here.
There is a staircase leading out of the dungeon here.
As you read the scroll labelled EXZIOG DILYMOT, it crumbles to dust.
Your body is wracked with pain!
It was a scroll of torment.
You take 6 damage, and have 8/14 hp.
MASSIVE DAMAGE!!
As you read the scroll labelled AFIRORA VIMEUSA, it crumbles to dust.
You assume a fearsome visage.
Nothing appears to happen.
It was a scroll of fear.
As you read the scroll labelled VIEBRA VEWN, it crumbles to dust.
You feel strangely unstable.
It was a scroll of teleportation.
As you read the scroll labelled AMODGH ITYTS, it crumbles to dust.
It is a scroll of identify.
i - a potion of cancellation
Okay, then.
It was a potion of flight.
You feel very buoyant.
You fly up into the air.
Your surroundings suddenly seem different.
It was a potion of lignification.
You turn into a tree.
Your +0 robe melds into your body.
Your roots penetrate the ground.
You now have 14/21 hp.
You cannot move.
You cannot move.
Unknown command.
You start resting.
Your transformation is almost over.
You feel less wooden.
Your +0 robe unmelds from your body.
You now have 14/14 hp.
(D) Dungeon
Where to? (Enter - D:1 @ (x,y), ? - help)
There is an open door here.
There is a staircase leading out of the dungeon here.
Unknown command.
Are you sure you want to leave the Dungeon?
This will make you lose the game!
You have escaped!

#.####........##############
#.# #....>..........)......
#.# #.......##..###########
#.# #.......###.###...#####
#.# ####...## #............
#.# ##### ##..#........ #.#
##### ##....#..... #.#
###...### #.#........ #.#
#.+.@.'.###>#...##### #.#
#.#...#.............. #.#
#.##'#####......).###
#.######....# #......#.###
#...........# #......#....
###.......#.# #......#....
#.......#.# #......#....
#.......#.# #......#....
#########.# #......#....


There were no monsters in sight!

Vanquished Creatures
  3 hobgoblins (D:1)
  A quokka (D:1)
  2 frilled lizards (D:1)
  2 kobolds (D:1)
8 creatures vanquished.

Notes
Turn   | Place    | Note
-------+----------+-------------------------------------------
     0 | D:1      | spardeous the Demigod Conjurer began the quest for the Orb.
     0 | D:1      | Reached XP level 1. HP: 14/14 MP: 5/5
  1030 | D:$      | Got out of the dungeon alive.

Illustrated notes

Levels and vault maps discovered:
D:1:      dpeg_arrival_tiny_g, layout_basic

Skill      XL: |  1 |
---------------+----+-----
Spellcasting   | 2 |  2.1
Dodging        | |  1.7
Stealth        | |  1.7
Conjurations   | |  3.8

Action                     || total
---------------------------++-------
   Cast: Magic Dart        ||    26
    Use: Scroll            ||     4
         Potion            ||     2
 Armour: Robe              ||     1
  Dodge: Dodged            ||    10
